 Seeded DCSS version 0.32-a0-350-g4f4d228785 (webtiles) character file.

Game seed: 18198455427107864533 (custom seed)

9282 n00bmints the Basher (level 11, -2/101 HPs)
             Began as a Minotaur Berserker on Feb 17, 2024.
             Was a Believer of Trog.
             Slain by Erolcha
             ... wielding a +0 giant spiked club
              (42 damage)
             ... on level 12 of the Dungeon.
             The game lasted 00:59:15 (11203 turns).

n00bmints the Basher (Minotaur Berserker)          Turns: 11203, Time: 00:59:15

Health: -2/101     AC: 16    Str: 27    XL:     11   Next: 21%
Magic:  10/10      EV: 12    Int:  4    God:    Trog [**....]
Gold:   506        SH:  0    Dex: 15    Spells: 10/10 levels left

rFire   + + .        s - +0 great mace
rCold   x . .        (shield currently unavailable)
rNeg    . . .        F - +0 fire dragon scales
rPois   .            d - +1 hat {Stlth+}
rElec   .            y - +2 cloak
rCorr   .            (no gloves)
SInv    .            (no boots)
Will    +....        j - amulet of faith
Stlth   +            D - +6 ring of dexterity
HPRegen 0.36/turn    b - ring of willpower
MPRegen 0.12/turn

%: faith
@: studying Throwing
A: horns 2, retaliatory headbutt, mutation resistance 1
a: Renounce Religion, Berserk, Trog's Hand


You were on level 12 of the Dungeon.
You worshipped Trog.
Trog was pleased with you.
You visited 1 branch of the dungeon, and saw 11 of its levels.
You also visited: Sewer.

You collected 506 gold pieces.

Inventory:

Hand Weapons
 a - a +0 battleaxe
 o - the +4 sling "Vaot" {speed, Int-2 Dex+5}
   (You found it on level 2 of the Dungeon)

   Int-2:     It affects your intelligence (-2).
   Dex+5:     It affects your dexterity (+5).
 s - a +0 great mace (weapon)
 u - a +2 morningstar of freezing
 E - a +0 dire flail
Armour
 d - a +1 hat of stealth (worn)
 i - a +0 plate armour
 y - a +2 cloak (worn)
 F - +0 fire dragon scales (worn)
Jewellery
 b - a ring of willpower (right hand)
 g - a ring of resist corrosion
 j - an amulet of faith (around neck)
 t - an amulet of regeneration
 D - a +6 ring of dexterity (left hand)
Wands
 f - a wand of mindburst (8)
 p - a wand of roots (12)
Scrolls
 c - 2 scrolls of fog
 h - a scroll of poison
 l - 2 scrolls of summoning
 m - a scroll of fear
 n - a scroll of noise
 q - 3 scrolls of identify
 C - 3 scrolls of teleportation
Potions
 e - a potion of resistance
 r - 3 potions of might
 w - a potion of enlightenment
 x - a potion of invisibility {unknown}
 z - 2 potions of brilliance
 A - 2 potions of cancellation {unknown}
 B - 2 potions of heal wounds
 G - a potion of lignification {unknown}
 J - a potion of curing {unknown}


   Skills:
 + Level 10.7 Fighting
 + Level 14.2 Maces & Flails
 + Level 11.1 Armour
 + Level 4.8 Dodging
 + Level 1.6 Stealth


You had 10 spell levels left.
You didn't know any spells.
Your spell library was empty.

Dungeon Overview and Level Annotations

Branches:
Dungeon (10/15)            Temple (0/1) D:4            Lair (0/5) D:10
  Sewer (visited)
    Orc: D:9-12

Altars:
Ashenzari
Cheibriados
Gozag
Hepliaklqana
Sif Muna
Wu Jian

Shops:
D:10 ?

Annotations:
D:12 Erolcha


Innate Abilities, Weirdness & Mutations

You have a pair of horns on your head.
You reflexively headbutt those who attack you in melee.
You are somewhat resistant to further mutation.


Message History

You hear a shout! x5
You closely miss the yak. The yak gores you but does no damage.
You bludgeon the yak!!
The yak is severely wounded.
Your skin stops crawling.
You feel less strong-willed. The yak gores you.
You thump the yak!
You kill the yak!
Trog accepts your kill.
The howler monkey hoots and howls with incredible vigour!
You hear a roar!
You hear a shout!
You hear a bellow!
You hear a shout!
You hear a bellow! x2
You bludgeon the troll!! You headbutt the troll!
The troll is severely wounded.
The troll misses you. You furiously retaliate!
You headbutt the troll. The troll barely misses you.
The troll claws you but does no damage.
You hear some strange, mumbled words.
You closely miss the troll.
The troll is severely wounded.
The troll bites you! The troll closely misses you. x2
You barely miss the troll.
The troll is severely wounded.
The howler monkey hoots and howls with incredible vigour!
The troll bites you! The troll claws you!
The troll claws you but does no damage.
You hear a roar!
You hear a shout! x3; You hear a bellow!
You completely miss the troll. You headbutt the troll!
The troll is almost dead.
The troll misses you. You furiously retaliate!
You headbutt the troll.
You kill the troll!
Trog accepts your kill.
The troll leather armour is intact enough to wear.
You bludgeon the howler monkey!!
You kill the howler monkey!
Trog accepts your kill. Something hits you!!
Items here: [ †††.
You barely miss something. Your headbutt misses something.
You bludgeon something!! Something hits you!!!
You die...

*,,* *,,,* *,,******,,* *,,*
*,,,* #..# *,,* *,,***,,,**#..#
*,,* ****,,,,,,,,,,...# *,,*
,,,,,,,,,,,,,,,..# *,,*
,^,,,,,,,,,,,,,..##****,,********
***************#..,,,,,,,,,,,,,,,
#{#********,,,,,,, #@# *,,,,,,,
#<# *,,,>,,, #.# *,,,,,^,
######### #.#######**,,,,,,,
######### #........,,,,,,,,,
################........,,,,,,,,,
.................#######**,,,,,,,
#................# *,,,,,,,
#.#######..#####.# *,,,,,,,


There were no monsters in sight!

Vanquished Creatures
  Gastronok (D:9)
  A hydra (D:9)
  A two-headed ogre (D:9)
  The ghost of crooctopode the Covert, a novice OpSu of Ashenzari (D:9)
  Maurice (D:8)
  Jeremiah (D:7)
  A troll (D:12)
  Prince Ribbit (D:7)
  A wyvern (D:9)
  3 yaks (D:12)
  3 wraiths
  A steam dragon (D:7)
  Menkaure (D:4)
  An acid dragon (D:8)
  3 water moccasins
  2 black bears
  4 orc warriors
  2 ogres (D:5)
  A centaur (D:7)
  A kobold brigand (D:9)
  A gnoll sergeant (D:8)
  4 bullfrogs
  5 scorpions
  7 wights
  8 killer bees
  A bombardier beetle (D:5)
  A howler monkey (D:12)
  4 hounds
  2 jellies
  3 gnoll boudas
  6 orc priests
  An iguana (D:5)
  2 sleepcaps
  15 orc wizards
  16 gnolls
  6 adders
  3 river rats
  A shadow imp (D:8)
  3 white imps
  2 ufetubi (D:6)
  5 ribbon worms
  A dart slug (D:2)
  36 orcs
  11 ball pythons
  7 endoplasms
  2 giant cockroaches
  9 hobgoblins
  4 jackals
  5 quokkas
  5 bats
  7 goblins
  2 goblin zombies (D:4)
  16 kobolds
  5 rats
237 creatures vanquished.

Notes
Turn   | Place    | Note
-------+----------+-------------------------------------------
     0 | D:1      | n00bmints the Minotaur Berserker began the quest for the
                  | Orb.
     0 | D:1      | Reached XP level 1. HP: 19/19 MP: 0/0
    71 | D:1      | Reached skill level 4 in Maces & Flails
    71 | D:1      | Reached XP level 2. HP: 25/27 MP: 1/1
   789 | D:2      | Reached XP level 3. HP: 33/33 MP: 2/2
   988 | D:2      | Reached ** piety under Trog
   997 | D:2      | Identified the +4 sling "Vaot" {speed, Int-2 Dex+5}
  1706 | D:3      | Reached XP level 4. HP: 41/41 MP: 3/3
  1751 | D:3      | Reached skill level 5 in Maces & Flails
  1760 | D:3      | Found a broken altar of Ashenzari.
  2076 | D:3      | Reached XP level 5. HP: 19/47 MP: 4/4
  2261 | D:3      | Reached skill level 5 in Fighting
  2491 | D:4      | Found a staircase to the Ecumenical Temple.
  2495 | D:4      | Reached XP level 6. HP: 52/56 MP: 5/5
  2509 | D:4      | Reached skill level 6 in Maces & Flails
  2573 | D:4      | Reached skill level 5 in Armour
  2587 | D:4      | Reached skill level 7 in Maces & Flails
  2587 | D:4      | Reached XP level 7. HP: 48/61 MP: 6/6
  2703 | D:4      | Found an ornate altar of the Wu Jian Council.
  2901 | D:4      | Noticed Menkaure
  2908 | D:4      | Killed Menkaure
  3055 | D:4      | Found a glowing drain.
  3069 | Sewer    | Entered a sewer
  3131 | Sewer    | Reached skill level 8 in Maces & Flails
  3343 | Sewer    | Reached *** piety under Trog
  3857 | D:5      | Entered Level 5 of the Dungeon
  3944 | D:5      | Reached XP level 8. HP: 70/70 MP: 7/7
  4106 | D:5      | Reached skill level 9 in Maces & Flails
  4836 | D:6      | Reached skill level 10 in Maces & Flails
  4874 | D:6      | Found an opulent altar of Gozag.
  4913 | D:6      | Reached XP level 9. HP: 79/79 MP: 8/8
  5700 | D:6      | Found a snail-covered altar of Cheibriados.
  6163 | D:7      | Noticed Jeremiah
  6348 | D:7      | Killed Jeremiah
  6349 | D:7      | Reached skill level 11 in Maces & Flails
  6728 | D:7      | Noticed Prince Ribbit
  6750 | D:7      | Killed Prince Ribbit
  7539 | D:7      | Gained mutation: You occasionally lose the ability to drink
                  | potions when taking damage. [potion of mutation]
  7539 | D:7      | Gained mutation: You sometimes lose the ability to drink
                  | potions when taking damage. [potion of mutation]
  7540 | D:7      | Lost mutation: You sometimes lose the ability to drink
                  | potions when taking damage. [potion of mutation]
  7540 | D:7      | Lost mutation: You occasionally lose the ability to drink
                  | potions when taking damage. [potion of mutation]
  7540 | D:7      | Gained mutation: You are somewhat resistant to further
                  | mutation. [potion of mutation]
  8198 | D:8      | Reached skill level 12 in Maces & Flails
  8203 | D:8      | Reached XP level 10. HP: 90/90 MP: 9/9
  8354 | D:8      | Found a shimmering blue altar of Sif Muna.
  8405 | D:8      | Found a hazy altar of Hepliaklqana.
  8745 | D:8      | Noticed Maurice
  8755 | D:8      | Killed Maurice
  9064 | D:9      | Noticed Gastronok
  9086 | D:9      | Killed Gastronok
  9087 | D:9      | Reached skill level 13 in Maces & Flails
  9087 | D:9      | Reached skill level 10 in Armour
  9087 | D:9      | Reached skill level 1 in Stealth
  9345 | D:9      | Found a runed translucent gate.
  9345 | D:9      | Found a runed translucent gate.
  9345 | D:9      | Found a runed translucent gate.
  9348 | D:9      | Noticed crooctopode's ghost (novice OpSu)
  9349 | D:9      | Noticed a nine-headed hydra
  9622 | D:9      | Noticed a two-headed ogre
  9628 | D:9      | Killed a two-headed ogre
  9629 | D:9      | Reached skill level 10 in Fighting
 10462 | D:9      | Noticed a lightning spire
 10464 | D:9      | Killed a nine-headed hydra
 10468 | D:9      | Killed crooctopode's ghost
 10469 | D:9      | Reached skill level 14 in Maces & Flails
 10469 | D:9      | Reached XP level 11. HP: 53/101 MP: 10/10
 10627 | D:10     | Entered Level 10 of the Dungeon
 10964 | D:10     | Found Ogrig's Magic Scroll Boutique.
 11139 | D:10     | You fall into a shaft and drop 2 floors!
 11181 | D:12     | Noticed Erolcha
 11203 | D:12     | Slain by Erolcha

Illustrated notes

Levels and vault maps discovered:
D:1:      giann_horns, layout_loops_ring, nicolae_the_louvre
D:2:      layout_basic
D:3:      layout_rooms, mainiacjoe_overflow_surrounded_room,
          small_statue_intersection, kennysheep_path_1
D:4:      layout_loops_ring, mainiacjoe_overflow_cross_hatched,
          minmay_temple_entry_tees, enter_ossuary_4, gup_sewer_entry_bubbles,
          uniq_menkaure
D:5:      layout_basic
D:6:      layout_layer_cave, chei_slow_surprise, nicolae_gozag_seed_capital,
          kennysheep_cluttered_room
D:7:      layout_cave_pools, minmay_misc_feat_tiny, st_stairs_13, uniq_jeremiah,
          uniq_prince_ribbit1
D:8:      layout_rooms, mainiacjoe_overflow_two_lobes, amethyst_killhole,
          billiards_dpeg, uniq_maurice
D:9:      layout_loops_corners, gammafunk_ghost_hydra_chop,
          kennysheep_generic_room_16, uniq_gastronok
D:10:     layout_stronghold, dpeg_lair_monsters, serial_shops, shop,
          nicolae_lava_and_water
D:12:     layout_small_grid, uniq_erolcha

Skill      XL: |  1  2  3  4  5  6  7  8  9 10 11 |
---------------+----------------------------------+-----
Maces & Flails | 4 5 7 8 10 12 14 | 14.2
Fighting       | 4 5 6 7 8 10 | 10.7
Armour         | 3 4 5 6 7 9 10 11 | 11.1
Dodging        | 3 4 |  4.8
Stealth        | 1 |  1.6

Action                     |  1- 3 |  4- 6 |  7- 9 | 10-12 || total
---------------------------+-------+-------+-------+-------++-------
  Melee: Mace              |    65 |    53 |       |       ||   118
         Headbutt          |     5 |    14 |    39 |    15 ||    73
         Morningstar       |       |    28 |   320 |    84 ||   432
         Great mace        |       |       |       |    23 ||    23
 Invoke: Trog's Hand       |       |     8 |    24 |    13 ||    45
         Berserk           |       |     4 |     8 |     5 ||    17
    Use: Scroll            |       |       |    12 |     4 ||    16
         Potion            |       |       |     5 |       ||     5
 Armour: Animal skin       |     8 |       |       |       ||     8
         Plate armour      |    67 |    77 |   199 |       ||   343
         Fire dragon scale |       |       |   112 |   112 ||   224
  Dodge: Dodged            |    35 |    27 |   175 |    99 ||   336

Table legend: (Time is in decaauts)
 A = Elapsed time spent in this place.
 B = Non-inter-level travel time spent in this place.
 C = Inter-level travel time spent in this place.
 D = Time resting spent in this place.
 E = Time spent auto-exploring this place.
 F = Levels seen in this place.
 G = Mean time per level.
                   A        B        C        D        E       F      G
               +--------+--------+--------+--------+--------+-----+--------+
         Total |  11516 |  11302 |    214 |      0 |   3768 |  12 |  959.7 |
       Dungeon |  11076 |  10862 |    214 |      0 |   3653 |  11 | 1006.9 |
         Sewer |    439 |    439 |      0 |      0 |    115 |   1 |  439.0 |
               +--------+--------+--------+--------+--------+-----+--------+

Top non-repeatable levels by time:
     D:6: 1771 daAuts
     D:9: 1586 daAuts
     D:7: 1433 daAuts
     D:8: 1339 daAuts
     D:4: 1119 daAuts
     D:2: 952 daAuts
     D:3: 833 daAuts
     D:5: 757 daAuts
     D:1: 706 daAuts
    D:10: 510 daAuts
   Sewer: 439 daAuts
    D:12: 67 daAuts
